 Dungeon Crawl Stone Soup version 0.30-a0-422-g946f4849ff (webtiles) character file.

Game seed: 3520910766620656642

11925 qhett the Cruncher (level 11, -6/95 HPs)
             Began as a Green Draconian Air Elementalist on Dec 8, 2022.
             Was a High Priest of Fedhas.
             Mangled by a culicivora (16 damage)
             ... on level 2 of the Lair of Beasts.
             The game lasted 00:39:40 (9473 turns).

qhett the Cruncher (DrAE)                           Turns: 9473, Time: 00:39:41

Health: -6/95      AC: 10    Str: 14    XL:     11   Next: 55%
Magic:  16/16      EV: 18    Int: 16    God:    Fedhas [*****.]
Gold:   565        SH:  4    Dex: 16    Spells: 2/15 levels left

rFire   + + .      SeeInvis .    b - +10 lajatang of the Madman {flame, rPois rF++ Dex+4}
rCold   . . .      Faith    .    (shield currently unavailable)
rNeg    . . .      Spirit   .    (body armour unavailable)
rPois   +          Reflect  .    (helmet restricted)
rElec   .          Harm     .    (no cloak)
rCorr   .          Rampage  .    (no gloves)
Will    .....                    e - +2 pair of boots
Stlth   ++++......               (no amulet)
HPRegen 0.35/turn                v - +4 ring of evasion
MPRegen 0.15/turn                L - ring of wizardry

@: no status effects
A: breathe noxious fumes, AC +7, unfitting armour, poison resistance,
cold-blooded, large bone plates 1, high MP 1
a: Breathe Noxious Fumes, Renounce Religion, Wall of Briars, Grow
Ballistomycete, Overgrow, Grow Oklob


You were on level 2 of the Lair of Beasts.
You worshipped Fedhas.
Fedhas was extremely pleased with you.
You visited 3 branches of the dungeon, and saw 12 of its levels.
You also visited: Ossuary.

You collected 637 gold pieces.
You spent 72 gold pieces at shops.

Inventory:

Hand Weapons
 b - the +10 lajatang of the Madman (weapon) {flame, rPois rF++ Dex+4}
   (You acquired it on level 1 of the Dungeon)

   It burns those it strikes, dealing additional fire damage.
   Big, fiery blades are also staple armaments of hydra-hunters.
   Dex:       It affects your dexterity (+4).
   rF:        It greatly protects you from fire.
   rPois:     It protects you from poison.
 d - the +11 whip "Kex Rody" {pain, rC++ rN+ Int-5 SInv}
   (You found it on level 5 of the Dungeon)

   In the hands of one skilled in necromantic magic, it inflicts extra damage on
   living creatures.
   Int:       It affects your intelligence (-5).
   rC:        It greatly protects you from cold.
   rN:        It protects you from negative energy.
   SInv:      It lets you see invisible.
 y - a +1 spectral quarterstaff
Armour
 e - a +2 pair of boots (worn)
Magical Staves
 c - a staff of air
Jewellery
 v - a +4 ring of evasion (left hand)
 L - a ring of wizardry (right hand)
Wands
 j - a wand of flame (23)
 s - a wand of mindburst (5)
 u - a wand of roots (5)
 F - a wand of light (6)
 G - a wand of charming (15)
Scrolls
 g - a scroll of enchant weapon
 i - 4 scrolls of fog
 k - 3 scrolls of magic mapping
 l - 3 scrolls of enchant armour
 m - a scroll of immolation
 n - 3 scrolls of poison
 p - a scroll of torment
 q - 2 scrolls of fear
 r - 2 scrolls of amnesia
 t - 6 scrolls of identify
 A - 5 scrolls of teleportation
 J - 4 scrolls of vulnerability {unknown}
Potions
 a - 3 potions of magic
 f - 2 potions of cancellation
 h - 8 potions of curing
 o - a potion of berserk rage
 w - 3 potions of might {unknown}
 x - a potion of ambrosia {unknown}
 z - 4 potions of heal wounds
 B - 3 potions of lignification
 C - 2 potions of mutation
 D - 3 potions of attraction
 E - a potion of resistance {unknown}
 I - a potion of flight {unknown}
 K - a potion of brilliance


   Skills:
 + Level 8.9 Fighting
 + Level 13.2 Staves
 + Level 5.5 Dodging
 + Level 7.0 Stealth
 + Level 3.6 Shields
 + Level 2.5 Spellcasting
 + Level 1.2 Conjurations
 + Level 3.4 Air Magic


You had 2 spell levels left.
You knew the following spells:

 Your Spells              Type           Power      Damage    Failure   Level
a - Shock                 Conj/Air       36%        1d5       3%          1
b - Swiftness             Air            13%        N/A       6%          3
c - Static Discharge      Conj/Air       18%        2-3/arc   4%          2
d - Vampiric Draining     Necr           2%         2d6       24%         3
e - Cause Fear            Hex            1%         N/A       58%         4

Your spell library contained the following spells:

 Spells                   Type           Power      Damage    Failure   Level
 Apportation              Tloc           4%         N/A       9%          1
 Necrotise                Necr           8%         1d4       9%          1
 Slow                     Hex            8%         N/A       9%          1
 Kindle Blastsparks       Fire/Tloc/Air  10%        2d10      16%         3
 Airstrike                Air            6%         2d(1-17)  19%         4
 Confusing Touch          Hex            2%         N/A       24%         3
 Ignite Poison            Fire/Tmut/Pois 2%         N/A       24%         3
 Inner Flame              Hex/Fire       2%         N/A       24%         3
 Freezing Cloud           Conj/Ice/Air   3%         6-21      71%         5
 Iskenderun's Battlesphe  Conj           5%         2d6       75%         5
 Agony                    Necr           2%         N/A       89%         5
 Alistair's Intoxication  Tmut/Pois      1%         N/A       89%         5
 Iron Shot                Conj/Erth      2%         9d2       100%        6
 Spellforged Servitor     Conj/Summ      2%         N/A       100%        7
 Discord                  Hex            1%         N/A       100%        8


Dungeon Overview and Level Annotations

Branches:
Dungeon (9/15)             Temple (1/1) D:7            Lair (1/5) D:9
    Orc (0/2) D:9         Ossuary (visited)

Altars:
Cheibriados
Dithmenos
Elyvilon
Fedhas
Gozag
Hepliaklqana
Kikubaaqudgha
Makhleb
Nemelex Xobeh
Okawaru
Qazlal
Ru
Sif Muna
Trog
Vehumet
Wu Jian
Xom
Yredelemnul
Zin
The Shining One

Shops:
D:9 !


Innate Abilities, Weirdness & Mutations

You can breathe blasts of noxious fumes.
Your lurid green scales are hard. (AC +7)
You cannot fit into any form of body armour.
Your system is resistant to poisons. (rPois)
You are cold-blooded and may be slowed by cold attacks.
You are partially covered in large bone plates. (SH +4)
You have an increased reservoir of magic. (+10% MP)


Message History

You slice the culicivora!! You burn the culicivora.
The culicivora is severely wounded.
You block the culicivora's attack.
You barely miss the culicivora.
Your tail-slap misses the culicivora.
The culicivora is severely wounded.
The culicivora completely misses you. The culicivora closely misses you.
You closely miss the culicivora.
The culicivora is severely wounded.
The culicivora bites you but does no damage.
The culicivora bites you!!
The culicivora draws strength from your injuries!
You are too injured to fight recklessly!
You are too injured to fight recklessly!
You slice the culicivora!! You burn the culicivora.
The culicivora is almost dead.
The culicivora misses you. The culicivora barely misses you.
You hit the culicivora. You burn the culicivora.
You kill the culicivora!
Fedhas appreciates your contribution to the ecosystem.
The culicivora completely misses you.
You completely miss the culicivora.
Your tail-slap misses the culicivora.
The culicivora bites you!
The culicivora draws strength from your injuries!
You slash the culicivora! You burn the culicivora.
The culicivora is heavily wounded.
The culicivora bites you!!
* * * LOW HITPOINT WARNING * * *
The culicivora draws strength from your injuries!
You hit the culicivora. You burn the culicivora.
The culicivora is moderately wounded.
The culicivora barely misses you.
You miss the culicivora.
The culicivora is moderately wounded.
The culicivora misses you.
You slice the culicivora!! You burn the culicivora.
Your tail-slap misses the culicivora.
The culicivora is severely wounded.
The culicivora bites you!
You die...
Fedhas appreciates your contribution to the ecosystem.

##. #..# ######.#...~#..
#..##.#.##...........#PP
...†.#.#.#...........##.
......#.#...............
...†...#.#.)#.##........
#†. #...##.###.##.....##
#..#....### #####.....#
#...s.# #.......#
#...@.# ##.......
#†..†$# #..#.... ##..$.#
#...##... ##.###
#........ ## #(...#...
......##. ......P ##
#..#.P## # #.#


You could see a culicivora.

Vanquished Creatures
  A two-headed ogre (D:9)
  Pikel (D:7)
  2 elephants (Lair:1)
  Maurice (D:8)
  2 cane toads (Lair:2)
  Maggie (D:7)
  A rime drake (D:9)
  Grinder (D:3)
  Prince Ribbit (D:8)
  2 culicivoras (Lair:2)
  Eustachio (D:4)
  A wyvern (D:8)
  9 yaks (D:9)
  3 steam dragons
  Menkaure (D:6)
  4 water moccasins
  5 orc warriors
  5 ice beasts
  A black bear (D:5)
  4 ogres
  8 wolves
  2 centaurs (D:9)
  A lemure (D:7)
  3 phantoms
  A kobold brigand (D:9)
  Blork the orc (D:5)
  4 bullfrogs
  3 necrophages (D:7)
  9 scorpions
  8 wights
  4 killer bees (D:9)
  A howler monkey (D:8)
  An electric eel (Lair:1)
  2 centaur zombies (Ossuary)
  A human zombie (Ossuary)
  4 hounds
  3 jellies
  8 orc priests
  Jessica (D:3)
  3 iguanas
  Terence (D:2)
  19 orc wizards
  2 scorpion zombies (Ossuary)
  3 mummies (Ossuary)
  3 gnolls (D:3)
  6 adders
  A shadow imp (D:6)
  A white imp (D:8)
  A worm (D:4)
  3 dart slugs (D:3)
  35 orcs
  11 ball pythons
  6 endoplasms
  3 giant cockroaches
  6 goblins
  9 hobgoblins
  A jackal (D:3)
  7 kobolds
  4 quokkas
  7 bats
  2 frilled lizards
  3 gnoll zombies (Ossuary)
  5 goblin zombies (Ossuary)
  2 hobgoblin zombies (Ossuary)
  2 kobold zombies (Ossuary)
  4 orc zombies (Ossuary)
  7 rats
269 creatures vanquished.

Vanquished Creatures (others)
  A human (D:8)
  A fungus (Lair:2)
  2 plants
4 creatures vanquished.

Grand Total: 273 creatures vanquished

Notes
Turn   | Place    | Note
-------+----------+-------------------------------------------
     0 | D:1      | qhett the Draconian Air Elementalist began the quest for
                  | the Orb.
     0 | D:1      | Reached XP level 1. HP: 14/14 MP: 3/3
   180 | D:1      | Identified a scroll of acquirement
   180 | D:1      | Acquired the +10 lajatang of the Madman {flame, rPois rF++
                  | Dex+4}
   258 | D:1      | Reached XP level 2. HP: 20/20 MP: 5/5
   949 | D:2      | Reached XP level 3. HP: 24/27 MP: 6/6
   993 | D:2      | Reached skill level 1 in Staves
  1097 | D:2      | Noticed Terence
  1100 | D:2      | Killed Terence
  1183 | D:2      | Reached skill level 1 in Fighting
  1418 | D:2      | Gained mutation: You are partially covered in large bone
                  | plates. (SH +4) [potion of mutation]
  1418 | D:2      | Gained mutation: You have an increased reservoir of magic.
                  | (+10% MP) [potion of mutation]
  1596 | D:3      | Reached XP level 4. HP: 35/35 MP: 8/8
  1607 | D:3      | Reached skill level 2 in Staves
  1626 | D:3      | Noticed Jessica
  1633 | D:3      | Killed Jessica
  1705 | D:3      | Reached XP level 5. HP: 40/40 MP: 9/9
  1706 | D:3      | Reached skill level 3 in Staves
  1858 | D:3      | Found a faded altar of an unknown god.
  1869 | D:3      | Prayed at the altar of an unknown god.
  1869 | D:3      | Became a worshipper of Fedhas Madash
  1869 | D:3      | Reached * piety under Fedhas
  1896 | D:3      | Noticed Grinder
  1904 | D:3      | Paralysed by Grinder for 5 turns
  2170 | D:3      | Killed Grinder
  2171 | D:3      | Reached skill level 4 in Staves
  2171 | D:3      | Reached XP level 6. HP: 48/49 MP: 10/10
  2405 | D:4      | Learned a level 3 spell: Swiftness
  2408 | D:4      | Learned a level 2 spell: Static Discharge
  2481 | D:4      | Found a radiant altar of Vehumet.
  2486 | D:4      | Reached skill level 1 in Shields
  2610 | D:4      | Reached skill level 5 in Staves
  2610 | D:4      | Your scales start taking on a lurid green colour.
  2610 | D:4      | Reached XP level 7. HP: 56/56 MP: 11/11
  2610 | D:4      | Gained mutation: Your system is resistant to poisons.
                  | (rPois) [Green Draconian growth]
  2694 | D:4      | Identified the +3 robe of Henotheism {rCorr Str+4 Int-5}
  2741 | D:4      | Noticed Eustachio
  2749 | D:4      | Killed Eustachio
  2928 | D:4      | Found an opulent altar of Gozag.
  2942 | D:4      | Found a snail-covered altar of Cheibriados.
  2987 | D:4      | Reached ** piety under Fedhas
  3224 | D:5      | Entered Level 5 of the Dungeon
  3351 | D:5      | Identified the +11 whip "Kex Rody" {pain, rC++ rN+ Int-5
                  | SInv}
  3395 | D:5      | Reached skill level 6 in Staves
  3411 | D:5      | Noticed Blork the orc
  3414 | D:5      | Killed Blork the orc
  3445 | D:5      | Reached XP level 8. HP: 49/63 MP: 12/12
  3714 | D:5      | Found a sacrificial altar of Ru.
  3748 | D:5      | Found a glowing silver altar of Zin.
  3748 | D:5      | Noticed an angel
  4000 | D:6      | Reached skill level 7 in Staves
  4000 | D:6      | Reached skill level 5 in Stealth
  4637 | D:6      | Noticed Menkaure
  4643 | D:6      | Killed Menkaure
  4644 | D:6      | Reached skill level 8 in Staves
  4906 | D:6      | Reached skill level 5 in Fighting
  4906 | D:6      | Reached XP level 9. HP: 74/74 MP: 13/13
  5205 | D:7      | Noticed Maggie
  5224 | D:7      | Killed Maggie
  5224 | D:7      | Reached *** piety under Fedhas
  5265 | D:7      | Found a staircase to the Ecumenical Temple.
  5269 | D:7      | Reached skill level 9 in Staves
  5472 | D:7      | Noticed Pikel
  5480 | D:7      | Killed Pikel
  5481 | D:7      | Reached skill level 10 in Staves
  5585 | D:7      | Found a sand-covered staircase.
  5590 | Ossuary  | Entered an ossuary
  5758 | Ossuary  | Reached XP level 10. HP: 83/83 MP: 15/15
  5763 | Ossuary  | Reached **** piety under Fedhas
  5925 | D:7      | Found an ornate altar of the Wu Jian Council.
  6297 | Temple   | Entered the Ecumenical Temple
  6297 | Temple   | Found a transporter.
  6297 | Temple   | Found a transporter.
  6299 | Temple   | Found a transporter.
  6299 | Temple   | Found a transporter.
  6374 | D:8      | Found a shadowy altar of Dithmenos.
  6530 | D:8      | Noticed Maurice
  6537 | D:8      | Killed Maurice
  6538 | D:8      | Reached skill level 11 in Staves
  6713 | D:8      | Noticed Prince Ribbit
  6720 | D:8      | Killed Prince Ribbit
  6844 | D:8      | Found an ancient bone altar of Kikubaaqudgha.
  7144 | D:9      | Found Bimefuni's Distillery.
  7152 | D:9      | Bought a potion of curing for 36 gold pieces
  7152 | D:9      | Bought a potion of curing for 36 gold pieces
  7217 | D:9      | Reached skill level 12 in Staves
  7476 | D:9      | Found a staircase to the Lair.
  7491 | D:9      | Reached ***** piety under Fedhas
  7577 | D:9      | Found a staircase to the Orcish Mines.
  7583 | D:9      | Reached XP level 11. HP: 91/93 MP: 16/16
  7593 | D:9      | Noticed a two-headed ogre
  7619 | D:9      | Killed a two-headed ogre
  7620 | D:9      | Reached skill level 5 in Dodging
  8197 | D:9      | Found a shimmering blue altar of Sif Muna.
  8759 | Lair:1   | Entered Level 1 of the Lair of Beasts
  8843 | Lair:1   | You fall into a shaft and drop 1 floor!
  9045 | Lair:2   | Reached skill level 13 in Staves
  9208 | Lair:2   | Learned a level 3 spell: Vampiric Draining
  9213 | Lair:2   | Learned a level 4 spell: Cause Fear
  9473 | Lair:2   | Mangled by a culicivora

Illustrated notes

Levels and vault maps discovered:
D:1:      enne_arrival_octagon_isle, layout_loops_ring
D:2:      layout_basic, uniq_terence
D:3:      layout_basic, shapermc_ecumenical_altar_starsandcircs, minmay_cut_off,
          uniq_jessica, uniq_grinder
D:4:      layout_loops_corners, vehumet_altar_wand_db, minitemple,
          uniq_eustachio
D:5:      layout_loops_ring, zin_angel, nicolae_ru_the_path_less_chosen,
          uniq_blork_the_orc
D:6:      layout_basic, uniq_menkaure
D:7:      layout_cave_pools, nicolae_wu_jian_immortal_techniques, temple_green,
          enter_ossuary_5, hangedman_decor_peaks_small, uniq_pikel, uniq_maggie
D:8:      layout_gridville, nicolae_dithmenos_shadow_blocks, tgw_kikubaaqudgha,
          uniq_prince_ribbit1, uniq_maurice
D:9:      layout_basic, kennysheep_orc_sif_temple, hellmonk_lair_entry_icy,
          minmay_orc_entry_temple_small, serial_shops, shop, grunt_ministairs_2
Temple:   hellmonk_temple_divided_pantheon
Lair:1:   layout_cave_pods, infiniplex_staircase_pool, lemuel_fruit_fields,
          lemuel_fruit_tree
Lair:2:   layout_cave_pods, hellmonk_spider_entry_life_and_decay,
          chequers_serial_rivers_large_b, chequers_serial_rivers_marsh

Skill      XL: |  1  2  3  4  5  6  7  8  9 10 11 |
---------------+----------------------------------+-----
Dodging        | 2 3 4 5 |  5.5
Staves         | 1 2 4 5 6 8 10 12 13 | 13.2
Stealth        | 2 3 4 5 6 7 |  7.0
Fighting       | 1 2 3 5 6 7 8 |  8.9
Shields        | 1 2 3 |  3.6
Spellcasting   | |  2.5
Conjurations   | |  1.2
Air Magic      | |  3.4

Action                   |  1- 3 |  4- 6 |  7- 9 | 10-12 || total
-------------------------+-------+-------+-------+-------++-------
Melee: Unarmed           |    22 |       |       |       ||    22
       Lajatang          |    56 |    81 |   170 |   288 ||   595
       Tailslap          |     5 |     6 |    14 |    29 ||    54
 Cast: Shock             |     7 |       |       |       ||     7
       Swiftness         |       |       |       |     1 ||     1
 Abil: Breathe Noxious F |       |       |     5 |       ||     5
  Use: Scroll            |     8 |     2 |     6 |     6 ||    22
       Potion            |     6 |       |       |     3 ||     9
 Stab: Sleeping          |     6 |     6 |    13 |     6 ||    31
       Confused          |       |       |     1 |       ||     1
       Distracted        |       |       |       |     1 ||     1
Armor: Skin              |    18 |    23 |    20 |    68 ||   129
Dodge: Dodged            |    47 |    41 |    92 |   233 ||   413
Block: Other             |     1 |    19 |    22 |    55 ||    97

Table legend: (Time is in decaauts)
 A = Elapsed time spent in this place.
 B = Non-inter-level travel time spent in this place.
 C = Inter-level travel time spent in this place.
 D = Time resting spent in this place.
 E = Time spent auto-exploring this place.
 F = Levels seen in this place.
 G = Mean time per level.
                   A        B        C        D        E       F      G
               +--------+--------+--------+--------+--------+-----+--------+
         Total |   9456 |   9127 |    329 |    950 |   6161 |  13 |  727.4 |
       Dungeon |   8406 |   8077 |    329 |    763 |   5685 |   9 |  934.0 |
        Temple |     40 |     40 |      0 |      0 |      7 |   1 |   40.0 |
          Lair |    700 |    700 |      0 |    187 |    377 |   2 |  350.0 |
       Ossuary |    308 |    308 |      0 |      0 |     91 |   1 |  308.0 |
               +--------+--------+--------+--------+--------+-----+--------+

Top non-repeatable levels by time:
     D:9: 1741 daAuts
     D:6: 1126 daAuts
     D:4: 971 daAuts
     D:7: 877 daAuts
     D:1: 822 daAuts
     D:5: 763 daAuts
     D:3: 736 daAuts
     D:2: 732 daAuts
     D:8: 633 daAuts
  Lair:2: 620 daAuts
 Ossuary: 308 daAuts
  Lair:1: 80 daAuts
  Temple: 40 daAuts
